 Dungeon Crawl Stone Soup version 0.28.0-1-gb440e238dd (webtiles) character file.

Game seed: 9335075283505283221

7 Zeldest the Caller (level 2, -1/13 HPs)
             Began as a Vine Stalker Summoner on Feb 21, 2022.
             Slain by a jackal (3 damage)
             ... on level 1 of the Dungeon.
             The game lasted 00:01:20 (117 turns).

Zeldest the Caller (Vine Stalker Summoner)           Turns: 117, Time: 00:01:21

Health: -1/13      AC:  2    Str: 10    XL:     2   Next: 0%
Magic:  0/6        EV: 12    Int: 15    God:
Gold:   22         SH:  0    Dex: 14    Spells: 2/5 levels left

rFire   . . .      SeeInvis .   (no weapon)
rCold   . . .      Faith    .   (no shield)
rNeg    . . .      Spirit   +   a - +0 robe
rPois   .          Reflect  .   (no helmet)
rElec   .          Harm     .   (no cloak)
rCorr   .          Rampage  .   (no gloves)
Will    .....                   (no boots)
Stlth   ++........              (no amulet)
HPRegen 0.04/turn               (no ring)
MPRegen 0.10/turn               (no ring)

@: no status effects
A: fangs 2, magic shield, antimagic bite, no potion heal 2
a: no special abilities


You were on level 1 of the Dungeon.
You visited 1 branch of the dungeon, and saw 2 of its levels.

You collected 22 gold pieces.

Inventory:

Armour
 a - a +0 robe (worn)


   Skills:
 + Level 0.3 Fighting
 - Level 1.6 Dodging
 - Level 2.5 Stealth
 + Level 0.4 Unarmed Combat
 - Level 2.2 Spellcasting
 + Level 4.1 Summonings


You had 2 spell levels left.
You knew the following spells:

 Your Spells              Type           Power      Damage    Failure   Level
a - Summon Small Mammal   Summ           56%        N/A       4%          1
b - Call Imp              Summ           14%        N/A       6%          2

Your spell library contained the following spells:

 Spells                   Type           Power      Damage    Failure   Level
 Call Canine Familiar     Summ           14%        N/A       12%         3
 Summon Guardian Golem    Hex/Summ       7%         N/A       28%         3
 Summon Lightning Spire   Summ/Air       7%         N/A       67%         4


Dungeon Overview and Level Annotations

Branches:
Dungeon (2/15)

Altars:


Innate Abilities, Weirdness & Mutations

You have extremely sharp teeth.
When hurt, damage is shared between your health and your magic reserves.
Your bite disrupts and absorbs the magic of your enemies.
Potions cannot restore your health.


Message History

The quokka completely misses your rat.
Your rat closely misses the quokka.
The quokka bites your rat.
Your rat dies!
Your rat's corpse disappears in a puff of smoke!
You start memorising the spell.
You continue memorising. x2
You finish memorising.
Spell assigned to 'b'.
You see here a frilled lizard corpse.
The quokka bites you.
* * * LOW HITPOINT WARNING * * *
You aren't carrying any scrolls.
You aren't carrying any potions.
You aren't carrying any scrolls.
Casting: Summon Small Mammal (safe; 4% risk of failure)
Confirm with . or Enter, or press ? or * to list all spells.
Okay, then.
Casting: Summon Small Mammal (safe; 4% risk of failure)
Confirm with . or Enter, or press ? or * to list all spells.
The jackal barks!
The quokka barely misses you.
Your quokka closely misses the jackal.
The jackal bites your quokka.
You swap places.
The quokka barely misses your quokka. The jackal misses you.
You miss the jackal. The quokka misses your quokka.
The jackal closely misses you.
The quokka bites your quokka but does no damage.
You barely miss the jackal. The jackal completely misses you.
The quokka misses your quokka. The jackal barely misses you.
You miss the jackal. The jackal barely misses you.
The quokka completely misses your quokka.
You hit the jackal but do no damage. Your bite misses the jackal.
The jackal closely misses you. The quokka barely misses your quokka.
The jackal bites you.
* * * LOW HITPOINT WARNING * * *
You hit the jackal but do no damage. Your bite misses the jackal.
The quokka closely misses your quokka. The jackal closely misses you.
You hit the jackal but do no damage. The quokka barely misses your quokka.
The jackal completely misses you. The quokka closely misses your quokka.
You hit the jackal.
The jackal is moderately wounded.
The jackal bites you.
You die...

#####.######
...h..##...# #.##....
#.....##...#####......
#.....##...#.........
#...................
#........hh#####...
##......Kh.h...#..
#...##.######h#h#
#...##.# #h#@# #...
#.# #.#r# #... #.#
#h#r# #.. #.# #†#h###
#.....# ###.### #.#
#.# #.#


You could see a quokka, 2 jackals and a friendly quokka (summoned).

Vanquished Creatures
  A ball python (D:1)
  A bat (D:2)
  A frilled lizard (D:1)
3 creatures vanquished.

Vanquished Creatures (collateral kills)
  2 goblins
  A kobold (D:1)
  A rat (D:1)
4 creatures vanquished.

Grand Total: 7 creatures vanquished

Notes
Turn   | Place    | Note
-------+----------+-------------------------------------------
     0 | D:1      | Zeldest the Vine Stalker Summoner began the quest for the
                  | Orb.
     0 | D:1      | Reached XP level 1. HP: 9/9 MP: 4/4
   101 | D:1      | Reached XP level 2. HP: 4/13 MP: 0/6
   104 | D:1      | Learned a level 2 spell: Call Imp
   117 | D:1      | Slain by a jackal

Illustrated notes

Levels and vault maps discovered:
D:1:      wander_arrival_peaceful_grave, layout_basic
D:2:      layout_rooms, shapermc_ecumenical_altar_notcrosses

Action                   || total
-------------------------++-------
Melee: Unarmed           ||    15
       Bite              ||     3
 Cast: Summon Small Mamm ||    10
 Stab: Sleeping          ||     1
Armor: Robe              ||     4
Dodge: Dodged            ||    26
